 Dungeon Crawl Stone Soup version 0.28-a0-94-g3252448 (webtiles) character file.

Game seed: 15978940067215954245

224 HDogLeCool the Skirmisher (level 6, -4/48 HPs)
             Began as a Human Abyssal Knight on Aug 6, 2021.
             Was a Believer of Lugonu.
             Slain by a wyvern (6 damage)
             ... on level 4 of the Dungeon.
             The game lasted 00:09:55 (4390 turns).

HDogLeCool the Skirmisher (Human Abyssal Knight)    Turns: 4390, Time: 00:09:55

Health: -4/48      AC:  5    Str: 15    XL:     6   Next: 20%
Magic:  8/8        EV: 12    Int: 12    God:    Lugonu [**....]
Gold:   215        SH:  0    Dex: 12    Spells: 5/5 levels left

rFire   . . .      SeeInvis .   a - +1 falchion
rCold   . . .      Faith    .   (no shield)
rNeg    . . .      Spirit   .   b - +0 leather armour
rPois   .          Reflect  .   (no helmet)
rElec   .          Harm     .   (no cloak)
rCorr   .          Rampage  .   q - +0 pair of gloves
Will    .....                   h - +0 pair of boots
Stlth   +.........              (no amulet)
HPRegen 0.16/turn               (no ring)
MPRegen 0.11/turn               (no ring)

@: hasted, very quick
A: no striking features
a: Renounce Religion, Depart the Abyss, Bend Space


You were on level 4 of the Dungeon.
You worshipped Lugonu.
Lugonu was pleased with you.
You visited 1 branch of the dungeon, and saw 4 of its levels.
You visited the Abyss 1 time.

You collected 215 gold pieces.

Inventory:

Hand Weapons
 a - a +1 falchion (weapon)
Missiles
 c - 21 poisoned darts
Armour
 b - a +0 leather armour (worn)
 h - a +0 pair of boots (worn)
 q - a +0 pair of gloves (worn)
 r - a +1 helmet
Magical Staves
 o - a staff of cold
Wands
 g - a wand of flame (22)
Scrolls
 d - a scroll of amnesia {unknown}
 f - a scroll of enchant weapon {unknown}
 j - a scroll of silence {unknown}
 k - a scroll of magic mapping {unknown}
 p - a scroll of acquirement {unknown}
Potions
 e - a potion of haste
 l - a potion of mutation {unknown}
 m - 2 potions of degeneration {unknown}
 n - a potion of curing {unknown}


   Skills:
 + Level 4.1 Fighting
 * Level 3.5 Long Blades
 + Level 2.7 Armour
 * Level 2.6 Dodging
 + Level 2.7 Invocations


You had 5 spell levels left.
You didn't know any spells.
Your spell library was empty.

Dungeon Overview and Level Annotations

Branches:
Dungeon (4/15)
 Temple: D:4-7

Altars:
Nemelex Xobeh
Uskayaw


Message History

The wyvern bites you!
You closely miss the wyvern.
The wyvern is moderately wounded.
The wyvern bites you! The wyvern barely misses you.
You riposte.
You hit the wyvern.
The wyvern is heavily wounded.
You are too injured to fight recklessly!
You are too injured to fight recklessly!
You hit the wyvern but do no damage.
The wyvern is heavily wounded.
The wyvern closely misses you.
You hit the wyvern.
The wyvern is severely wounded.
The wyvern barely misses you.
You riposte.
You hit the wyvern but do no damage.
The wyvern is severely wounded.
The wyvern bites you but does no damage.
You closely miss the wyvern.
The wyvern is severely wounded.
The wyvern bites you!
* * * LOW HITPOINT WARNING * * *
The wyvern closely misses you.
You feel much better.
The wyvern bites you but does no damage.
You closely miss the wyvern.
The wyvern is severely wounded.
The wyvern closely misses you. The wyvern bites you!
You hit the wyvern but do no damage.
The wyvern is severely wounded.
The wyvern barely misses you. The wyvern bites you!
* * * LOW HITPOINT WARNING * * *
You hit the wyvern but do no damage.
The wyvern is severely wounded.
The wyvern misses you.
You riposte.
You barely miss the wyvern.
The wyvern is severely wounded.
You closely miss the wyvern.
The wyvern is severely wounded.
The wyvern barely misses you. The wyvern bites you!
* * * LOW HITPOINT WARNING * * *
You feel yourself speed up. The wyvern bites you.
You die...

###.......#.# #..# ..
....#######.# #..####....
....#.......# #......l...
....#.##############...####...
......# #........^..#
...#########.#######.#.#
..........##....#......#
................#l##.#.##
.......#########@........
.......#8##8##8#.###.##.##
.###.............# #.# ..# .
#...#8##8##8### #.# #.# .
#...### ## #.# .. #.... .#
#....


You could see a wyvern.

Vanquished Creatures
  A phantom (D:4)
  A killer bee zombie (D:4)
  A hound skeleton (D:4)
  2 howler monkey skeletons
  3 adders
  A dart slug (D:1)
  3 orcs (D:4)
  7 endoplasms
  5 giant cockroaches
  7 goblins
  6 hobgoblins
  7 jackals
  4 quokkas
  4 ball pythons
  A bat (D:2)
  A frilled lizard (D:1)
  8 kobolds
  4 rats
66 creatures vanquished.

Notes
Turn   | Place    | Note
-------+----------+-------------------------------------------
     0 | Abyss:1  | HDogLeCool the Human Abyssal Knight began the quest for the
                  | Orb.
     0 | Abyss:1  | Reached XP level 1. HP: 18/18 MP: 2/2
    48 | Abyss:1  | Noticed a ynoxinul
    50 | D:1      | Escaped the Abyss
   158 | D:1      | Reached * piety under Lugonu
   293 | D:1      | Reached XP level 2. HP: 24/24 MP: 3/3
   987 | D:1      | Reached XP level 3. HP: 20/29 MP: 4/4
  1801 | D:1      | Reached XP level 4. HP: 11/35 MP: 5/5
  2109 | D:2      | Reached ** piety under Lugonu
  2298 | D:2      | Found a faded altar of an unknown god.
  2363 | D:2      | Found a sparkling altar of Nemelex Xobeh.
  2774 | D:3      | Noticed a +0 hand axe
  2775 | D:3      | Found a hide-covered altar of Uskayaw.
  2775 | D:3      | Noticed a +0 dagger
  2812 | D:3      | Reached XP level 5. HP: 17/42 MP: 6/6
  3090 | D:3      | Upgraded the game from 0.28-a0-87-g9a7839d to
                  | 0.28-a0-94-g3252448
  3389 | D:4      | Noticed a necrophage
  3617 | D:4      | Noticed a phantom
  4094 | D:4      | Killed a phantom
  4095 | D:4      | Reached skill level 4 in Fighting
  4095 | D:4      | Reached XP level 6. HP: 13/48 MP: 6/8
  4368 | D:4      | Noticed a wyvern
  4389 | D:4      | HP: 2/48 [wyvern (9)]
  4390 | D:4      | Slain by a wyvern

Illustrated notes

Levels and vault maps discovered:
D:1:      zelgadis_glass_arrival_small, layout_loops_ring,
          amcnicky_mini_rare_corridor_liquid
D:2:      layout_rooms, chequers_ecumenical_altar_grove, basic_altar
D:3:      layout_rooms, dancing_weapons_uskayaw
D:4:      cheibrodos_barr_body, layout_basic,
          mainiacjoe_overflow_small_starburst, amcnicky_mini_corridor_feature

Skill      XL: |  1  2  3  4  5 |
---------------+----------------+-----
Long Blades    | 3 |  3.5
Dodging        | 2 |  2.6
Fighting       | 4 |  4.1
Armour         | |  2.7
Invocations    | |  2.7

Action                   |  1- 3 |  4- 6 || total
-------------------------+-------+-------++-------
Melee: Falchion          |    97 |   144 ||   241
Invok: Depart the Abyss  |     1 |       ||     1
  Use: Scroll            |       |     2 ||     2
       Potion            |       |     2 ||     2
 Stab: Sleeping          |     1 |       ||     1
Armor: Leather armour    |    27 |    46 ||    73
Dodge: Dodged            |    61 |   115 ||   176
       Rpst.: Falchion   |    26 |    38 ||    64

Table legend: (Time is in decaauts)
 A = Elapsed time spent in this place.
 B = Non-inter-level travel time spent in this place.
 C = Inter-level travel time spent in this place.
 D = Time resting spent in this place.
 E = Time spent auto-exploring this place.
 F = Levels seen in this place.
 G = Mean time per level.
                   A        B        C        D        E       F      G
               +--------+--------+--------+--------+--------+-----+--------+
         Total |   4435 |   4309 |    126 |   1490 |   2063 |   5 |  887.0 |
       Dungeon |   4385 |   4259 |    126 |   1490 |   2063 |   4 | 1096.2 |
         Abyss |     50 |     50 |      0 |      0 |      0 |   1 |   50.0 |
               +--------+--------+--------+--------+--------+-----+--------+

Top non-repeatable levels by time:
     D:1: 1870 daAuts
     D:4: 1023 daAuts
     D:3: 795 daAuts
     D:2: 696 daAuts
 Abyss:1: 50 daAuts
